 Dungeon Crawl Stone Soup version 0.20.1-1-g8b1a95d (webtiles) character file.

7593 Shiggy the Protected (level 10, -8/94 HPs)
             Began as a Minotaur Fighter on Oct 30, 2017.
             Was a High Priest of Okawaru.
             Mangled by a hell rat (10 damage)
             ... on level 2 of the Lair of Beasts.
             The game lasted 01:28:48 (10294 turns).

Shiggy the Protected (Minotaur Fighter)            Turns: 10294, Time: 01:28:49

Health: -8/94      AC: 11    Str: 22    XL:     10   Next: 97%
Magic:  10/10      EV:  7    Int:  5    God:    Okawaru [*****.]
Gold:   500        SH:  9    Dex: 12    Spells: 9/9 levels left

rFire    + + +     SeeInvis .   K - +0 broad axe
rCold    + . .     Gourm    .   c - +0 shield
rNeg     . . .     Faith    +   I - +0 chain mail (curse)
rPois    .         Spirit   .   (helmet restricted)
rElec    .         Reflect  .   C - scarf {rC+ rF+}
rCorr    .         Harm     .   (no gloves)
MR       .....                  P - -2 pair of boots "Nuwiwadd" {rF+}
Stlth    ..........             p - amulet of faith
Regen    0.3/turn               b - ring of protection from fire
MPRegen  0.2/turn               (no ring)

@: lethally poisoned (-8 -> -9), drained
A: retaliatory headbutt, horns 2
a: Heroism, Finesse, Renounce Religion


You were on level 2 of the Lair of Beasts.
You worshipped Okawaru.
Okawaru was extremely pleased with you.
You were not hungry.

You visited 3 branches of the dungeon, and saw 14 of its levels.

You collected 500 gold pieces.

Inventory:

Hand Weapons
 K - a +0 broad axe (weapon)
Missiles
 n - 3 steel javelins (quivered)
 G - 2 poisoned tomahawks
 L - 4 tomahawks
Armour
 c - a +0 shield (worn)
 C - a scarf of resistance (worn)
 F - a +0 pair of boots
 I - a cursed +0 chain mail (worn)
 M - a +0 plate armour
 P - the -2 pair of boots "Nuwiwadd" (worn) {rF+}
   (Okawaru gifted it to you on level 1 of the Lair of Beasts)

   It protects you from fire.
Jewellery
 b - a ring of protection from fire (left hand)
 p - an amulet of faith (around neck)
Wands
 m - a wand of acid (8/15)
 N - a wand of polymorph (10/24)
Scrolls
 g - a scroll of enchant armour {unknown}
 h - 2 scrolls of amnesia
 i - 4 scrolls of identify
 j - a scroll of random uselessness {unknown}
 k - 3 scrolls of enchant weapon
 q - a scroll of recharging {unknown}
 s - a scroll of teleportation
 t - 4 scrolls of fog
 u - a scroll of blinking
 x - 2 scrolls of remove curse
 y - 2 scrolls of magic mapping {unknown}
 B - 2 scrolls of immolation {unknown}
 O - a scroll of brand weapon {unknown}
Potions
 d - a potion of might
 e - a potion of agility {unknown}
 l - 2 potions of mutation {unknown}
 r - 2 potions of invisibility
 z - a potion of lignification {unknown}
 A - 2 potions of flight {unknown}
 D - 2 potions of haste {unknown}
 H - 2 potions of magic
 J - 4 potions of curing {unknown}
Books
 a - a book of Air

   Spells                             Type                      Level
   a - Shock                          Conjuration/Air              1
   b - Swiftness                      Charms/Air                   2
   c - Static Discharge               Conjuration/Air              3
   d - Airstrike                      Air                          4
   e - Lightning Bolt                 Conjuration/Air              5
 v - a book of Geomancy

   Spells                             Type                      Level
   a - Sandblast                      Earth                        1
   b - Passwall                       Transmutation/Earth          2
   c - Stone Arrow                    Conjuration/Earth            3
   d - Petrify                        Transmutation/Earth          4
   e - Lee's Rapid Deconstruction     Earth                        5
Comestibles
 f - 5 bread rations
 w - 4 meat rations
 E - 4 royal jellies


   Skills:
 * Level 10.7(10.2) Fighting
 + Level 11.9(11.5) Axes
 * Level 12.2(11.7) Armour
 - Level 3.4(3.0) Dodging
 - Level 0.3(0.0) Stealth
 - Level 3.6(3.2) Shields
 - Level 2.0(1.6) Invocations


You had 9 spell levels left.
You didn't know any spells.

Dungeon Overview and Level Annotations

Branches:
Dungeon (11/15)            Temple (1/1) D:5            Lair (2/6) D:11
    Orc (0/2) D:9
  Swamp: Lair:2-4    Shoals: Lair:2-4     Snake: Lair:2-4    Spider: Lair:2-4

Altars:
Ashenzari
Cheibriados
Dithmenos
Fedhas
Hepliaklqana
Kikubaaqudgha
Makhleb
Nemelex Xobeh
Okawaru
Qazlal
Ru
Sif Muna
Trog
Uskayaw
Vehumet
Xom
Yredelemnul
The Shining One

Annotations:
D:10 Eltigrechino's ghost, novice TrBe
Lair:1 Gastronok


Innate Abilities, Weirdness & Mutations

You reflexively headbutt those who attack you in melee.
You have a pair of horns on your head.


Message History

You climb downwards. 7 hell rats come into view.
The hell rat roars deafeningly! x5
Found 15 gold pieces.
There is a stone staircase leading up here.
You see here 15 gold pieces.
You feel sick. The hell rat bites you!
* * * LOW HITPOINT WARNING * * *
You feel drained.
* * * LOW HITPOINT WARNING * * *
You hit the hell rat.
The hell rat is lightly wounded.
You feel sick. The hell rat bites you.
* * * LOW HITPOINT WARNING * * *
You slash the hell rat!
You kill the hell rat!
You closely miss the hell rat. x2; You block the hell rat's attack.
The hell rat bites you!
You die...

#.... #.....
##### .....#
#..P# #.....#
#...##.......
#.#.#........
##r.r.r.....#
#@†rr$<....P#
#.r...P....##
##.....P....#
#...#.##...#
#..###..#..#
#...# ......#
##..# .##.###
#.## ##


You could see 6 hell rats.

Vanquished Creatures
  Pikel (D:7)
  A manticore (D:10)
  3 spiny frogs (Lair:1)
  3 trolls
  Prince Ribbit (D:9)
  A hippogriff (D:8)
  2 basilisks (Lair:1)
  The ghost of Rowanas the Shield-Bearer, an amateur FoFi (D:6)
  2 hungry ghosts
  3 water moccasins
  3 orc warriors
  3 porcupines (Lair:1)
  A black bear (D:6)
  4 ice beasts
  A sky beast (D:6)
  4 phantoms
  A centaur (D:8)
  A big kobold (D:10)
  Blork the orc (D:6)
  5 bullfrogs
  A gnoll sergeant (D:7)
  A wyvern zombie (D:6)
  7 scorpions
  6 howler monkeys
  3 crimson imps
  6 orc priests
  2 hounds
  A jelly (D:6)
  A gnoll shaman (D:9)
  5 orc wizards
  2 bullfrog skeletons
  2 iguanas (D:9)
  7 worker ants
  A hell rat (Lair:2)
  A killer bee zombie (D:6)
  A worker ant zombie (D:5)
  11 gnolls
  9 adders
  3 shadow imps (D:6)
  An ooze (D:3)
  An adder skeleton (D:4)
  5 worms
  5 dart slugs
  4 leopard geckos
  29 orcs
  6 giant cockroaches
  9 goblins
  3 hobgoblins
  4 jackals (D:7)
  9 kobolds
  8 quokkas
  4 ball pythons
  9 bats
  7 frilled lizards
  A giant cockroach zombie (D:6)
  A quokka zombie (D:8)
  8 rats
226 creatures vanquished.

Vanquished Creatures (others)
  2 slaves (D:7)
  A worker ant (D:7)
3 creatures vanquished.

Grand Total: 229 creatures vanquished

Notes
Turn   | Place    | Note
-------+----------+-------------------------------------------
     0 | D:1      | Shiggy the Minotaur Fighter began the quest for the Orb.
     0 | D:1      | Reached XP level 1. HP: 19/19 MP: 0/0
   175 | D:1      | Reached XP level 2. HP: 19/27 MP: 1/1
   398 | D:1      | Reached skill level 1 in Dodging
   735 | D:2      | Reached XP level 3. HP: 34/34 MP: 2/2
   754 | D:2      | Reached skill level 4 in Armour
  1603 | D:3      | Noticed a hungry ghost
  1886 | D:5      | Entered Level 5 of the Dungeon
  1946 | D:5      | Reached XP level 4. HP: 12/41 MP: 3/3
  2191 | D:4      | Reached XP level 5. HP: 43/47 MP: 4/4
  2271 | D:4      | Reached skill level 5 in Fighting
  2274 | D:4      | Reached skill level 5 in Armour
  2881 | D:4      | Noticed a water elemental
  2886 | D:4      | Found a stormy altar of Qazlal.
  2889 | D:4      | Noticed an air elemental
  2889 | D:4      | Noticed a fire elemental
  2977 | D:5      | Found a staircase to the Ecumenical Temple.
  2989 | Temple   | Entered the Ecumenical Temple
  3090 | Temple   | Became a worshipper of Warmaster Okawaru
  3131 | D:5      | Reached XP level 6. HP: 56/56 MP: 5/5
  3402 | D:3      | Killed a hungry ghost
  3749 | D:3      | Reached skill level 6 in Armour
  4004 | D:4      | Reached XP level 7. HP: 57/63 MP: 6/6
  4073 | D:5      | Reached skill level 5 in Axes
  4537 | D:5      | Reached * piety under Okawaru
  4717 | D:5      | Reached skill level 7 in Armour
  4717 | D:5      | Reached skill level 1 in Invocations
  4767 | D:6      | Found a radiant altar of Vehumet.
  4774 | D:6      | Noticed Rowanas's ghost (amateur FoFi)
  4781 | D:6      | Killed Rowanas's ghost
  4781 | D:6      | Reached ** piety under Okawaru
  4781 | D:6      | Reached XP level 8. HP: 67/71 MP: 4/8
  4810 | D:6      | Noticed Blork the orc
  4819 | D:6      | Killed Blork the orc
  5030 | D:6      | Reached skill level 8 in Armour
  5313 | D:6      | Reached *** piety under Okawaru
  5313 | D:6      | Reached skill level 9 in Armour
  5380 | D:6      | Reached XP level 9. HP: 79/79 MP: 9/9
  6208 | D:7      | Noticed Pikel
  6237 | D:7      | Killed Pikel
  6984 | D:8      | Reached **** piety under Okawaru
  6984 | D:8      | Reached skill level 10 in Axes
  7062 | D:8      | Reached skill level 10 in Armour
  7063 | D:8      | Noticed a cyclops
  7773 | D:9      | Noticed Prince Ribbit
  7948 | D:9      | Reached XP level 10. HP: 37/91 MP: 7/10
  8208 | D:9      | Killed Prince Ribbit
  8296 | D:9      | Found a staircase to the Orcish Mines.
  8370 | D:9      | Reached ***** piety under Okawaru
  8427 | D:9      | Found a shadowy altar of Dithmenos.
  8511 | D:10     | Entered Level 10 of the Dungeon
  8521 | D:10     | Noticed Eltigrechino's ghost (novice TrBe)
  9141 | D:10     | Reached skill level 11 in Armour
  9243 | D:10     | Reached skill level 10 in Fighting
  9357 | D:10     | Noticed a two-headed ogre
  9398 | D:11     | Noticed a two-headed ogre
  9464 | D:10     | Noticed a manticore
  9478 | D:10     | Killed a manticore
  9807 | D:11     | Found a staircase to the Lair.
  9816 | Lair:1   | Entered Level 1 of the Lair of Beasts
  9859 | Lair:1   | Noticed a spiny frog
  9871 | Lair:1   | Killed a spiny frog
 10036 | Lair:1   | Received a gift from Okawaru
 10160 | Lair:1   | Reached skill level 12 in Armour
 10169 | Lair:1   | Noticed a spiny frog
 10173 | Lair:1   | Noticed a spiny frog
 10178 | Lair:1   | Killed a spiny frog
 10178 | Lair:1   | Received a gift from Okawaru
 10180 | Lair:1   | Killed a spiny frog
 10183 | Lair:1   | Got a pair of ancient boots {god gift}
 10194 | Lair:1   | Identified the -2 pair of boots "Nuwiwadd" {rF+} (Okawaru gifted it to you on level 1 of the Lair of Beasts)
 10252 | Lair:1   | Noticed a spiny frog
 10259 | Lair:1   | Noticed Gastronok
 10263 | Lair:1   | HP: 4/94 [poisoned by a spiny frog]
 10293 | Lair:2   | HP: 1/94 [hell rat (6)]
 10294 | Lair:2   | Mangled by a hell rat

Skill      XL: |  1  2  3  4  5  6  7  8  9 10 |
---------------+-------------------------------+-----
Fighting       | 4 5 6 7 9 10 | 10.7
Dodging        | 1 2 3 |  3.4
Armour         | 4 5 6 7 9 10 12 | 12.2
Axes           | 3 4 6 8 10 11 | 11.9
Invocations    | 1 2 |  2.0
Stealth        | |  0.3
Shields        | |  3.6

Action                   |  1- 3 |  4- 6 |  7- 9 | 10-12 || total
-------------------------+-------+-------+-------+-------++-------
Melee: War axe           |   128 |   102 |   369 |       ||   599
       Headbutt          |    16 |    22 |    93 |    29 ||   160
       Broad axe         |       |       |       |   159 ||   159
Invok: Heroism           |       |       |     7 |     7 ||    14
  Use: Scroll            |     4 |     2 |     6 |     2 ||    14
       Potion            |       |       |       |     4 ||     4
  Eat: Fruit             |     4 |       |     3 |     3 ||    10
       Bread ration      |       |     1 |     1 |     1 ||     3
       Meat ration       |       |     1 |     1 |       ||     2
       Royal jelly       |       |     1 |       |       ||     1
       Chunk             |       |       |       |     2 ||     2
Armor: Scale mail        |    47 |    28 |    81 |       ||   156
       Chain mail        |       |       |    74 |    90 ||   164
Dodge: Dodged            |    35 |    23 |   129 |    66 ||   253
Block: Shield            |    65 |    42 |   204 |    95 ||   406
